 Dungeon Crawl Stone Soup version 0.26-a0-291-g3d11bbfad5 (webtiles) character file.

Game seed: 6745466382679986136

289 Notrik the Skirmisher (level 6, 0/53 HPs)
             Began as a Demonspawn Fighter on July 12, 2020.
             Was a Follower of Wu Jian.
             Killed by nerve-wracking pain
             ... invoked by Grinder
              (8 damage)
             ... while paralysed by Grinder
             ... on level 4 of the Dungeon on July 14, 2020.
             The game lasted 00:04:03 (2579 turns).

Notrik the Skirmisher (Demonspawn Fighter)          Turns: 2579, Time: 00:04:04

Health: 0/53       AC:  8    Str: 19    XL:     6   Next: 9%
Magic:  6/6        EV:  2    Int:  9    God:    Wu Jian [*.....]
Gold:   185        SH:  0    Dex: 12    Spells: 5/5 levels left

rFire    . . .     SeeInvis .   a - +0 rapier
rCold    . . .     Faith    .   c - +0 kite shield
rNeg     . . .     Spirit   .   b - +0 scale mail
rPois    .         Reflect  .   (no helmet)
rElec    .         Harm     .   (no cloak)
rCorr    .                      (no gloves)
MR       .....                  (no boots)
Stlth    ..........             (no amulet)
HPRegen  0.17/turn              (no ring)
MPRegen  0.10/turn              (no ring)

@: paralysed
A: molten scales 1, spiny 1
a: Renounce Religion


You were on level 4 of the Dungeon.
You worshipped Wu Jian.
Wu Jian was aware of your devotion.
You visited 1 branch of the dungeon, and saw 4 of its levels.

You collected 185 gold pieces.

Inventory:

Hand Weapons
 a - a +0 rapier (weapon)
Armour
 b - a +0 scale mail (worn)
 c - a +0 kite shield (worn)
Jewellery
 n - an uncursed amulet of faith {unknown}
   (You found it on level 3 of the Dungeon)
Scrolls
 g - 2 scrolls of blinking {unknown}
 h - 2 scrolls of fog {unknown}
 i - 3 scrolls of remove curse {unknown}
 l - 2 scrolls of amnesia {unknown}
 m - a scroll of magic mapping {unknown}
 o - 2 scrolls of identify {unknown}
 p - 2 scrolls of enchant armour {unknown}
 q - a scroll of immolation {unknown}
 r - a scroll of enchant weapon {unknown}
Potions
 d - a potion of might
 e - 2 potions of curing {@q1}
 f - a potion of lignification {unknown}
 j - 2 potions of berserk rage {unknown}
 k - 2 potions of flight {unknown}


   Skills:
 + Level 6.9 Fighting
 - Level 1.7 Short Blades
 - Level 2.6 Armour
 - Level 2.6 Shields


You had 5 spell levels left.
You didn't know any spells.
Your spell library was empty.

Dungeon Overview and Level Annotations

Branches:
Dungeon (4/15)
 Temple: D:4-7

Altars:
Wu Jian

Annotations:
D:4 Grinder


Innate Abilities, Weirdness & Mutations

You are partially covered in molten scales. (AC +2)
You are partially covered in sharp spines.


Message History

Grinder says, "Just stop there for a second..."
Grinder blinks!
Grinder says, "Tell me all your secrets, or I'll kill you."
Grinder gestures at you. Pain shoots through your body!
* * * LOW HITPOINT WARNING * * *
Grinder blinks!
Found a long bone wand.
Grinder blinks!
Found 16 poisoned darts.
You spin and attack Grinder.
You closely miss Grinder. Grinder gestures at you.
You resist with significant effort.
You see here a scroll labeled ARPHUP TYORGH.
You hit Grinder but do no damage. Grinder is struck by your spines.
Grinder hits you but does no damage.
You hit Grinder. You block Grinder's attack.
You puncture Grinder! You block Grinder's attack.
You hit Grinder but do no damage. Grinder hits you.
* * * LOW HITPOINT WARNING * * *
Grinder is struck by your spines. Grinder hits you but does no damage.
You hit Grinder. Grinder hits you but does no damage.
You closely miss Grinder. Grinder is struck by your spines.
Grinder barely misses you.
You barely miss Grinder.
Grinder drinks a potion.
Grinder is healed!
You closely miss Grinder. You block Grinder's attack. Grinder gestures at you.
You barely resist. You completely miss Grinder. You block Grinder's attack.
Unknown command.
You hit Grinder. Grinder is struck by your spines. Grinder hits you!
* * * LOW HITPOINT WARNING * * *
You writhe in agony.
* * * LOW HITPOINT WARNING * * *
You hit Grinder. Grinder hits you but does no damage. x2
Your shield and scale mail prevent you from hitting Grinder.
You block Grinder's attack.
You hit Grinder. You block Grinder's attack.
You closely miss Grinder. Grinder is struck by your spines.
Grinder closely misses you.
Unknown command.
Your shield and scale mail prevent you from hitting Grinder.
You block Grinder's attack.
You hit Grinder. You block Grinder's attack.
Grinder says, "There's only one good use for a tongue: cutting it out."
Grinder gestures at you.
You suddenly lose the ability to move!
Grinder gestures at you. Pain shoots through your body!
You die...

..............### #...#
................##...#
.................5...##
..........####........#
#........## ##)..###.
#/.......[####..?##
#...............#
#......5..##..###
#.....@########
#......## ...##.. ..
#.. . #.. #.. #(. ##.


You could see Grinder.

Vanquished Creatures
  An ogre (D:2)
  2 orc wizards (D:4)
  An orc priest (D:4)
  3 adders
  4 oozes
  2 worms (D:2)
  2 dart slugs
  A leopard gecko (D:1)
  2 orcs
  5 bats
  A giant cockroach (D:2)
  7 goblins
  7 hobgoblins
  7 jackals
  A quokka (D:3)
  A ball python (D:3)
  6 frilled lizards
  5 kobolds
  11 rats
69 creatures vanquished.

Notes
Turn   | Place    | Note
-------+----------+-------------------------------------------
     0 | D:1      | Notrik the Demonspawn Fighter began the quest for the Orb.
     0 | D:1      | Reached XP level 1. HP: 18/18 MP: 1/1
   333 | D:1      | Gained mutation: You are partially covered in molten
                  | scales. (AC +2) [demonic ancestry]
   333 | D:1      | Reached XP level 2. HP: 24/24 MP: 2/2
   416 | D:1      | Reached skill level 4 in Fighting
   533 | D:1      | Reached XP level 3. HP: 22/30 MP: 3/3
   940 | D:1      | Upgraded the game from 0.26-a0-284-g73c0fb6129 to
                  | 0.26-a0-291-g3d11bbfad5
  1077 | D:2      | Found a faded altar of an unknown god.
  1370 | D:2      | Gained mutation: You are partially covered in sharp spines.
                  | [demonic ancestry]
  1370 | D:2      | Reached XP level 4. HP: 33/38 MP: 4/4
  1498 | D:2      | Reached skill level 5 in Fighting
  1682 | D:2      | Noticed an ogre
  1696 | D:2      | Killed an ogre
  1696 | D:2      | Reached skill level 6 in Fighting
  1696 | D:2      | Reached XP level 5. HP: 14/46 MP: 5/5
  1711 | D:2      | Became a worshipper of the Wu Jian Council
  1711 | D:2      | Reached * piety under Wu Jian
  2341 | D:4      | Reached XP level 6. HP: 21/53 MP: 6/6
  2541 | D:4      | Noticed Grinder
  2545 | D:4      | Paralysed by Grinder for 4 turns
  2578 | D:4      | Paralysed by Grinder for 3 turns
  2579 | D:4      | Killed from afar by Grinder

Illustrated notes

Levels and vault maps discovered:
D:1:      dpeg_arrival_orchard, layout_rooms
D:2:      layout_basic, chequers_ecumenical_altar_island, st_stairs_1
D:3:      layout_rooms
D:4:      layout_layer_cave, uniq_grinder

Skill      XL: |  1  2  3  4 |
---------------+-------------+-----
Fighting       | 4 6 |  6.9
Short Blades   | |  1.7
Armour         | |  2.6
Shields        | |  2.6

Action                   |  1- 3 |  4- 6 || total
-------------------------+-------+-------++-------
Melee: Rapier            |   156 |    94 ||   250
Invok: Lunge             |       |     2 ||     2
       Whirlwind         |       |     1 ||     1
Armor: Scale mail        |    88 |    39 ||   127
Dodge: Dodged            |    46 |    18 ||    64
Block: Kite shield       |    87 |    41 ||   128

Table legend:
 A = Non-vault XP
 B = Vault XP
 C = Vault XP percentage of total XP
 D = Non-vault monster count
 E = Vault monster count
 F = Vault count percentage of total count
                 A         B        C        D         E       F
            +---------+---------+-------+---------+---------+-------
      Total |     411 |       3 |   0.7 |      67 |       2 |   2.9
            +---------+---------+-------+---------+---------+-------
        D:1 |      62 |       0 |   0.0 |      27 |       0 |   0.0
        D:2 |     177 |       3 |   1.7 |      23 |       2 |   8.0
        D:3 |      33 |       0 |   0.0 |      12 |       0 |   0.0
        D:4 |     139 |       0 |   0.0 |       5 |       0 |   0.0
            +---------+---------+-------+---------+---------+-------
